Map: Prion Terraces

Players

DIRTYBACON

  • Race: Terran Terran

LindyHop - Winner!

  • Race: Zerg Zerg

VOD

Have the link to the VOD?

Description

Time

  • Played on: Nov. 26, 2015, 1:11 p.m.
  • Length: 14:24
Show
View Real Time Build Order
Export as new Build Order

DIRTYBACON Terran 

Build Orders: MMM Bio 

Get SALT Encoding   

  12  0:01  SCV  
  13  0:13  SCV  
  14  0:22  Supply Depot  
  14  0:25  SCV  
  15  0:41  Refinery  
  15  0:44  SCV  
  15  0:48  Barracks  
  16  0:58  Supply Depot  
  16  1:00  SCV  
  17  1:12  SCV  
  18  1:21  Barracks  
  18  1:24  SCV  
  19  1:37  SCV  
  20  1:51  Barracks Tech Lab  
  20  2:02  Command Center  
  20  2:11  Stimpack  
  20  2:12  Refinery  
  20  2:16  Marine  
  21  2:24  Orbital Command  
  21  2:37  Barracks Reactor  
  21  2:38  Marine  
  22  2:52  SCV, Refinery  
  23  3:04  SCV  
  24  3:05  Marine  
  25  3:16  SCV  
  25  3:17  Engineering Bay  
  26  3:25  Engineering Bay, Orbital Command  
  26  3:28  SCV  
  27  3:43  Marine x2  
  27  3:47  Marauder  
  31  4:03  Refinery  
  31  4:08  Marauder  
  33  4:12  Terran Infantry Weapons Level 1  
  33  4:13  Terran Infantry Armor Level 1  
  33  4:14  SCV, Factory  
  34  4:22  Concussive Shells  
  34  4:27  SCV  
  34  4:29  Marine  
  34  4:30  Marauder, Marine  
  39  4:39  SCV  
  40  4:51  SCV  
  41  5:03  SCV  
  41  5:05  Combat Shields  
  42  5:11  Marauder  
  42  5:12  Marine x2  
  46  5:20  Starport  
  46  5:21  Factory Reactor  
  46  5:27  Supply Depot  
  46  5:32  Supply Depot  
  46  5:49  SCV, Marauder, Marine x2  
  51  5:59  Bunker  
  51  6:01  SCV  
  52  6:09  Missile Turret  
  52  6:13  SCV, Missile Turret  
  53  6:19  Missile Turret  
  53  6:20  Missile Turret  
  53  6:57  Medivac x2  
  53  6:59  Armory  
  57  7:03  Marine x3  
  60  7:21  Supply Depot, Marine x2  
  62  7:25  Supply Depot  
  62  7:42  Marine  
  63  7:44  Medivac x2  
  67  8:00  Terran Infantry Weapons Level 2, Terran Infantry Armor Level 2  
  67  8:01  Factory Tech Lab  
  57  8:43  Medivac  
  57  8:44  Medivac  
  57  8:47  Marine, Marauder  
  57  8:48  Marine  
  65  9:05  Marine  
  65  9:06  Marine  
  65  9:09  Marauder  
  65  9:23  Marine  
  65  9:24  Marine  
  66  9:29  Marine  
  68  9:39  Thor  
  68  9:41  Marine  
  68  9:42  Marine  
  70  9:47  Marine  
  70  9:48  Supply Depot  
  70  9:51  Supply Depot  
  71  10:03  Medivac x2  
  71  10:05  Marine  
  76  10:09  Terran Vehicle Weapons Level 1  
  76  10:20  Supply Depot  
  76  10:21  Thor  
  82  10:31  Barracks  
  82  10:33  Barracks  
  82  10:54  Marauder  
  82  10:55  Marine  
  82  10:56  Marine  
  86  11:02  Terran Infantry Weapons Level 3  
  86  11:04  Thor  
  86  11:08  Terran Infantry Armor Level 3  
  92  11:13  Marine x2  
  92  11:15  Marauder  
  96  11:31  Marine x2  
  98  11:37  Marauder  
  100  11:48  Marine  
  100  11:49  Marine  
  102  12:14  Marauder  
  87  12:27  Thor  
  92  12:32  Marine  
  92  12:33  Marine x3  
  92  12:35  Marauder  
  98  12:50  Marine  
  98  12:51  Marine x3  
  97  12:57  Marauder  
  56  13:08  Marine  
  56  13:10  Thor  
  63  13:13  Barracks Reactor, Barracks Tech Lab  
  63  13:18  Marauder  
  63  13:19  Medivac x2  
  69  13:40  Marauder  
Show
View Real Time Build Order
Export as new Build Order

LindyHop Zerg - Winner!

Build Orders: Hatch First 

Get SALT Encoding   

  12  0:01  Drone  
  13  0:08  Drone  
  14  0:18  Overlord  
  14  0:28  Extractor  
  13  0:29  Drone  
  15  0:38  Drone x2  
  17  0:55  Hatchery  
  16  1:01  Drone x2  
  18  1:16  Spawning Pool  
  17  1:26  Extractor  
  17  1:27  Drone x2  
  18  1:38  Evolution Chamber  
  18  1:39  Drone x2  
  19  1:59  Overlord  
  19  2:05  Zergling x2  
  20  2:08  Queen  
  20  2:09  Queen  
  24  2:15  Overlord  
  24  2:19  Zergling x2  
  24  2:22  Zergling x2  
  26  2:28  Metabolic Boost  
  26  2:36  Zergling x4  
  28  2:37  Zergling x2  
  29  2:56  Drone x3  
  29  2:57  Drone  
  33  3:19  Lair  
  33  3:25  Extractor  
  32  3:39  Hatchery  
  31  3:46  Drone x3  
  31  3:47  Drone x6  
  40  4:00  Drone x3  
  44  4:02  Drone  
  44  4:05  Overlord  
  44  4:08  Overlord  
  44  4:30  Drone x2, Extractor  
  44  4:31  Drone x2  
  47  4:32  Extractor  
  47  4:37  Zerg Ground Armor Level 1  
  46  4:39  Baneling Nest  
  45  4:46  Drone x3  
  45  4:48  Drone x3  
  45  4:51  Queen  
  53  4:53  Overlord  
  53  4:56  Overseer  
  53  5:06  Hydralisk Den  
  52  5:12  Overlord  
  52  5:17  Pneumatized Carapace  
  53  5:21  Drone x4  
  53  5:22  Drone  
  53  5:27  Baneling x5  
  57  5:31  Centrifical Hooks  
  57  5:35  Overseer  
  57  5:42  Drone  
  58  5:53  Muscular Augments  
  58  6:20  Hydralisk x4  
  58  6:21  Hydralisk x2  
  58  6:23  Zergling x20  
  58  6:24  Zergling x4  
  82  6:39  Extractor  
  81  6:40  Extractor  
  81  6:42  Overlord x3  
  81  6:45  Drone x2  
  82  6:50  Zerg Melee Weapons Level 1  
  82  6:51  Infestation Pit  
  81  7:07  Burrow  
  81  7:18  Drone x2  
  81  7:19  Drone x3  
  81  7:20  Drone x3  
  81  7:21  Drone x6  
  95  7:39  Hive  
  95  7:42  Drone x4  
  95  7:43  Spire  
  98  7:58  Zergling x2  
  98  7:59  Zergling x14  
  98  8:00  Overlord x2  
  106  8:08  Baneling x2  
  106  8:09  Baneling  
  104  8:39  Zergling x10  
  104  8:40  Zergling x8  
  111  8:46  Hydralisk  
  111  8:47  Hydralisk x2  
  117  8:55  Corruptor x2  
  121  9:25  Overlord x5  
  121  9:26  Overlord x6  
  119  10:04  Hatchery  
  118  10:09  Hatchery, Corruptor x6  
  129  10:25  Greater Spire  
  129  10:51  Zergling x10  
  129  10:52  Zergling x8  
  129  10:55  Baneling x4  
  129  10:56  Baneling x2  
  138  11:06  Zergling x18  
  138  11:07  Zergling x2  
  148  11:27  Corruptor x3  
  148  11:28  Corruptor x2  
  148  11:29  Corruptor  
  159  11:38  Brood Lord x4  
  159  11:39  Brood Lord x4  
  171  12:22  Hydralisk x2, Zergling x6  
  174  12:23  Corruptor x3, Hydralisk  
  174  12:24  Viper x5  
  174  12:26  Zergling x6  
  174  12:27  Zergling x8  
  192  12:41  Lair  
  171  13:23  Zergling x2  
  171  13:24  Zergling x34  
  171  13:25  Hatchery  
Tags
 
Composition
MMM Bio
Matchup
TvZ
Add a new tag
Caveats
  • Supply blocks, unpowered buildings, or Contaminate may cause inaccurate times.
  • Supply counts are checked every 10 seconds.